 Dungeon Crawl Stone Soup version 0.17-a0-1650-gce8475a (webtiles) character file.

215 ithink the Insei (level 5, -1/35 HPs)
             Began as an Octopode Transmuter on Aug 13, 2015.
             Killed from afar by UristMcKoga's ghost (12 damage)
             ... with a rocky blast
             ... on level 3 of the Dungeon.
             The game lasted 00:14:04 (3612 turns).

ithink the Insei (Octopode Transmuter)              Turns: 3612, Time: 00:14:05

Health: -1/35      AC:  1    Str:  9    XL:     5   Next: 92%
Magic:  6/9        EV: 13    Int: 16    God:    Xom [..*...]
Gold:   131        SH:  0    Dex: 13    Spells: 3 memorised, 1 level left

rFire  . . .     SeeInvis .       - Unarmed
rCold  . . .     Clarity  .     (no shield)
rNeg   . . .     SustAt   .     (helmet restricted)
rPois  .         Gourm    +     g - amulet of the gourmand
rElec  .         Spirit   .     o - ring of protection from magic
rCorr  .         Warding  .     (no ring)
rMut   .         Stasis   .     (no ring)
MR     +....                    (no ring)
Stlth  ++........               (no ring)
                                (no ring)
                                (no ring)
                                (no ring)

@: very slightly contaminated, somewhat resistant to hostile enchantments,
unstealthy
A: almost no armour, amphibious, 8 rings, constrict 8, camouflage 1, gelatinous
body 1
a: Renounce Religion


You were on level 3 of the Dungeon.
You worshipped Xom.
You were a toy of Xom.
You were very full.

You visited 1 branch of the dungeon, and saw 5 of its levels.

You collected 131 gold pieces.

Inventory:

Missiles
 a - 41 arrows
 h - 114 stones (quivered)
 n - a throwing net
Magical staves
 f - an uncursed staff of conjuration {unknown}
Jewellery
 g - an amulet of the gourmand (around mantle)
 l - an uncursed ring of ice
 o - a ring of protection from magic (left tentacle)
Magical devices
 k - a wand of polymorph (24)
Scrolls
 d - a scroll of remove curse
 e - a scroll of amnesia
Books
 b - a book of Changes

   Spells                             Type                      Level
   a - Beastly Appendage              Transmutation                1
   b - Sticks to Snakes               Transmutation                2
   c - Spider Form                    Transmutation/Poison         3
   d - Ice Form                       Ice/Transmutation            4
   e - Blade Hands                    Transmutation                5
 r - a book of Beasts

   Spells                             Type                      Level
   a - Summon Butterflies             Summoning                    1
   b - Call Canine Familiar           Summoning                    3
   c - Summon Ice Beast               Ice/Summoning                4
   d - Summon Mana Viper              Hexes/Summoning              5
   e - Summon Hydra                   Summoning                    7
Miscellaneous
 u - a plain deck of defence
Comestibles
 c - 4 bread rations
 m - 3 meat rations
 t - a fruit


   Skills:
 + Level 2.4 Fighting
 - Level 0.6 Throwing
 - Level 2.6 Dodging
 * Level 4.1 Unarmed Combat
 + Level 2.8 Spellcasting
 * Level 3.4 Transmutations


You had one spell level left.
You knew the following spells:

 Your Spells              Type           Power        Failure   Level  Hunger
a - Beastly Appendage     Trmt           ##....       6%          1    #......
b - Spider Form           Trmt/Pois      #.........   34%         3    ###....
c - Ice Form              Ice/Trmt       #.......     91%         4    #####..


Dungeon Overview and Level Annotations

Branches:
Dungeon (5/15)
 Temple: D:4-7

Altars:
Elyvilon
Xom

Annotations:
D:3 UristMcKoga's ghost, average GrEE


Innate Abilities, Weirdness & Mutations

You cannot wear most types of armour.
You are amphibious.
You can wear up to eight rings at the same time.
You can use your tentacles to constrict eight enemies at once.
Your skin changes colour to match your surroundings (Stealth).
Your rubbery body absorbs attacks (AC +1).


Message History

As you read the scroll labeled DEEWNOA DEUHEH, it crumbles to dust.
It was a scroll of blinking.
Xom is mildly amused.
Your transformation is almost over.
Casting: Beastly Appendage
Confirm with . or Enter, or press ? or * to list all spells.
You miscast Spider Form.
Your vision is briefly tinged with green.
Use which ability? (? or * to list)
You can't do that.
Use which ability? (? or * to list)
Okay, then.
UristMcKoga's ghost hits you.
There is an open door, spattered with blood here.
Your tentacle spike disappears.
UristMcKoga's ghost says, "Ah, a second chance to prove myself in battle!"
UristMcKoga's ghost gestures at you while chanting.
The rocky blast hits you!
You die...
Xom titters!

##.....#.#####...# #..........
...........#.....# #..........
[..........##'#### #..........
...........##.# #..........
...........##.#########...)......
...#>..........).....##..........
.#.......#.##.######..#..........
.#.#.#####.##.#######.####.######
.#.#..........W.@................
.#.##.....###'########.###.###.##
.#.#.................#..##^##....
.#.#......##.........##.##.##....
...#.#######.........##.##.##....
.....# #.........##..#.###.##
.....## #.........###.#.#.....
≈≈≈...# #.........# #...#.#...
≈≈≈≈..######.........# ##..#.#<..


You could see UristMcKoga's ghost.

Vanquished Creatures
  A crimson imp (D:4)
  A hound (D:4)
  7 gnolls
  3 adders
  An ooze (D:4)
  3 orcs
  6 bats
  A giant cockroach (D:3)
  6 hobgoblins
  7 kobolds
  2 quokkas
  2 giant newts (D:2)
  5 goblins
  2 jackals (D:1)
  9 rats
56 creatures vanquished.

Notes
Turn   | Place    | Note
--------------------------------------------------------------
     0 | D:1      | ithink the Octopode Transmuter began the quest for the Orb.
     0 | D:1      | Reached XP level 1. HP: 13/13 MP: 3/3
   173 | D:1      | Reached XP level 2. HP: 15/18 MP: 5/5
  1058 | D:2      | Reached XP level 3. HP: 23/23 MP: 4/6
  1369 | D:2      | Learned a level 3 spell: Spider Form
  1858 | D:3      | Reached XP level 4. HP: 24/29 MP: 5/7
  2271 | D:3      | Learned a level 4 spell: Ice Form
  2277 | D:3      | Found a white marble altar of Elyvilon.
  2928 | D:3      | Reached XP level 5. HP: 34/34 MP: 8/8
  2971 | D:3      | Noticed UristMcKoga's ghost (average GrEE)
  3154 | D:5      | Entered Level 5 of the Dungeon
  3368 | D:4      | Found a shimmering altar of Xom.
  3372 | D:4      | Became a worshipper of Xom of Chaos
  3399 | D:4      | Reached skill level 4 in Unarmed Combat
  3455 | D:4      | Noticed an ogre
  3481 | D:4      | XOM: potion effect (haste)
  3599 | D:3      | XOM: divination: detect creatures
  3612 | D:3      | Killed from afar by UristMcKoga's ghost

Vault maps used:
D:1:      erik_arrival_blinker_ship
D:2:      serial_park_tiny_pond
D:3:      elyvilon_altar_3, amalloy_card_club
D:4:      overflow_temple_1_default, first_bread, dk_vineyard_2, led_xom_imps
D:5:      nicolae_overflow_hidden_temple, lemuel_crystal_altar,
          lemuel_flame_loot_1, uniq_grinder, uniq_edmund, uniq_sigmund

Action                   |  1- 3 |  4- 6 || total
-------------------------+-------+-------++-------
Melee: Unarmed           |    80 |    72 ||   152
 Cast: Beastly Appendage |     5 |     1 ||     6
       Spider Form       |       |     1 ||     1
  Use: Scroll            |     5 |     4 ||     9
       Potion            |       |     6 ||     6
 Stab: Sleeping          |     5 |     4 ||     9
       Distracted        |       |     1 ||     1
  Eat: Chunk             |    14 |     4 ||    18
